 Dungeon Crawl Stone Soup version 0.20-a0-1124-g2e29d97 (webtiles) character file.

375 Naow the Firebug (level 6, -9/38 HPs)
             Began as an Octopode Fire Elementalist on May 16, 2017.
             Mangled by a two-headed ogre
             ... wielding a +0 giant club
              (14 damage)
             ... on level 4 of the Dungeon.
             The game lasted 00:06:50 (5194 turns).

Naow the Firebug (Octopode Fire Elementalist)       Turns: 5194, Time: 00:06:51

Health: -9/38      AC:  1    Str:  7      XL:     6   Next: 73%
Magic:  0/11       EV: 14    Int: 19 (20) God:
Gold:   197        SH:  0    Dex: 12      Spells: 2/12 levels left

rFire    . . .     SeeInvis .   e - +5 dagger
rCold    . . .     Gourm    .   (no shield)
rNeg     . . .     Faith    .   (helmet restricted)
rPois    .         Spirit   .   (no amulet)
rElec    .         Reflect  .   (no ring)
rCorr    .         Harm     .   (no ring)
MR       .....                  (no ring)
Stlth    +++.......             (no ring)
Regen    0.2/turn               (no ring)
MPRegen  0.2/turn               (no ring)
                                (no ring)
                                (no ring)

@: very slightly contaminated
A: almost no armour, stealthy swim, amphibious, 8 rings, constrict 8, camouflage
1, gelatinous body 1
a: no special abilities


You were on level 4 of the Dungeon.
You were hungry.

You visited 1 branch of the dungeon, and saw 4 of its levels.

You collected 197 gold pieces.

Inventory:

Hand Weapons
 e - a +5 dagger (weapon)
Armour
 r - a +0 shield
Wands
 p - a wand of paralysis (7/24)
Scrolls
 c - 4 scrolls of identify {unknown}
 d - a scroll of amnesia {unknown}
 i - a scroll of immolation {unknown}
 j - 3 scrolls of remove curse {unknown}
 k - a scroll of enchant armour {unknown}
Potions
 h - 2 potions of might {unknown}
 l - 2 potions of brilliance {unknown}
 m - 4 potions of heal wounds {unknown}
 o - 2 potions of haste {unknown}
 q - a potion of cancellation {unknown}
Books
 a - a book of Flames

   Spells                             Type                      Level
   a - Flame Tongue                   Conjuration/Fire             1
   b - Throw Flame                    Conjuration/Fire             2
   c - Conjure Flame                  Conjuration/Fire             3
   d - Inner Flame                    Hexes/Fire                   3
   e - Sticky Flame                   Conjuration/Fire             4
   f - Fireball                       Conjuration/Fire             5
Comestibles
 b - 2 bread rations
 f - a royal jelly
 g - 9 fruits
 n - 5 chunks of flesh


   Skills:
 - Level 1.0 Fighting
 - Level 1.0 Short Blades
 - Level 3.0 Dodging
 - Level 3.1 Stealth
 + Level 3.9 Spellcasting
 + Level 2.8 Conjurations
 + Level 4.4 Fire Magic


You had 2 spell levels left.
You knew the following spells:

 Your Spells              Type           Power        Failure   Level  Hunger
a - Flame Tongue          Conj/Fire      ###..        3%          1    None
b - Throw Flame           Conj/Fire      ###...       4%          2    ##.....
c - Conjure Flame         Conj/Fire      ###.....     9%          3    ###....
d - Sticky Flame          Conj/Fire      ###.....     30%         4    ####...


Dungeon Overview and Level Annotations

Branches:
Dungeon (4/15)
 Temple: D:4-7

Altars:
Nemelex Xobeh
Okawaru
Ru
Yredelemnul


Innate Abilities, Weirdness & Mutations

You cannot wear most types of armour.
You are very stealthy in the water. (Stealth+)
You are amphibious.
You can wear up to eight rings at the same time.
You can use your tentacles to constrict eight enemies at once.
Your skin changes colour to match your surroundings (Stealth+).
Your rubbery body absorbs attacks. (AC +1, EV +1)


Message History

Press: ? - help, Shift-Dir - straight line, f/p - two-headed ogre
Aim: a two-headed ogre, wielding two giant clubs (moderately wounded)
The flame tongue hits the two-headed ogre.
The two-headed ogre is heavily wounded.
Casting: Flame Tongue
Confirm with . or Enter, or press ? or * to list all spells.
Aiming: Flame Tongue
Press: ? - help, Shift-Dir - straight line, f/p - two-headed ogre
Aim: a two-headed ogre, wielding two giant clubs (heavily wounded)
The flame tongue hits the two-headed ogre.
The two-headed ogre is heavily wounded.
You hit the two-headed ogre but do no damage.
The two-headed ogre is heavily wounded.
You hit the two-headed ogre.
The two-headed ogre is heavily wounded.
The two-headed ogre hits you with a giant club!!
Ouch! That really hurt!
* * * LOW HITPOINT WARNING * * *
The two-headed ogre hits you with a giant club!
You die...

#.. .#. #.. ..
#.... ##.#.# .....
..# # #.#.# #.# #.
#.#.# #.# #. #O#.#
#.# ..###.### #@#.#
#.# #.......###.#.#
#.# ............#<#
#.#
######.#####.###.##
#.# #......# #.###
#####..# #...# #.>#
###.#######..#
#.....(.....#


You could see a two-headed ogre.

Vanquished Creatures
  A sky beast (D:3)
  The ghost of Naow the Firebug, an amateur OpFE (D:3)
  Ijyb (D:3)
  A worker ant (D:4)
  A gnoll (D:1)
  5 adders
  4 worms (D:2)
  A dart slug (D:1)
  5 leopard geckos
  6 orcs
  5 giant cockroaches
  4 hobgoblins
  6 jackals
  11 kobolds
  3 quokkas
  A ball python (D:1)
  10 bats
  5 frilled lizards
  2 gnoll zombies (D:3)
  10 goblins
  A leopard gecko skeleton (D:4)
  7 rats
91 creatures vanquished.

Notes
Turn   | Place    | Note
-------+----------+-------------------------------------------
     0 | D:1      | Naow the Octopode Fire Elementalist began the quest for the Orb.
     0 | D:1      | Reached XP level 1. HP: 11/11 MP: 3/3
   499 | D:1      | Reached XP level 2. HP: 17/17 MP: 3/5
   829 | D:1      | Reached XP level 3. HP: 16/21 MP: 6/6
  1922 | D:2      | Learned a level 2 spell: Throw Flame
  1926 | D:2      | Learned a level 3 spell: Conjure Flame
  2066 | D:2      | Reached XP level 4. HP: 18/27 MP: 0/7
  3265 | D:2      | Found a sacrificial altar of Ru.
  3405 | D:3      | Noticed Naow's ghost (amateur OpFE)
  3416 | D:3      | Killed Naow's ghost
  3416 | D:3      | Reached skill level 1 in Fighting
  3416 | D:3      | Reached skill level 1 in Short Blades
  3416 | D:3      | Reached XP level 5. HP: 13/33 MP: 1/9
  3706 | D:3      | Noticed a sky beast
  4190 | D:3      | Noticed Ijyb
  4200 | D:3      | Killed Ijyb
  4200 | D:3      | Reached skill level 4 in Fire Magic
  4200 | D:3      | Reached XP level 6. HP: 32/38 MP: 7/11
  4339 | D:3      | Killed a sky beast
  4617 | D:3      | Learned a level 4 spell: Sticky Flame
  4656 | D:3      | Found a basalt altar of Yredelemnul.
  4922 | D:4      | Found an iron altar of Okawaru.
  5100 | D:4      | Found a sparkling altar of Nemelex Xobeh.
  5170 | D:4      | Noticed a two-headed ogre
  5194 | D:4      | Mangled by a two-headed ogre

Vault maps used:
D:1:      dpeg_arrival_lava_temple_mockup
D:2:      lemuel_round_altar
D:3:      lemuel_zombie_altar_yredelemnul, uniq_ijyb
D:4:      nemelex_xobeh_ov_fountains_minmay, nicolae_ashenzari_panopticon,
          kennysheep_okawaru_gauntlet

Skill      XL: |  1  2  3  4  5 |
---------------+----------------+-----
Stealth        | 3 |  3.1
Spellcasting   | 3 |  3.9
Fighting       | 1 |  1.0
Short Blades   | 1 |  1.0
Dodging        | 3 |  3.0
Conjurations   | 2 |  2.8
Fire Magic     | 4 |  4.4

Action                   |  1- 3 |  4- 6 || total
-------------------------+-------+-------++-------
Melee: Unarmed           |     2 |       ||     2
       Constrict         |     6 |    11 ||    17
       Dagger            |    21 |    46 ||    67
       Tentacles         |     4 |     1 ||     5
 Cast: Flame Tongue      |    52 |    79 ||   131
       Throw Flame       |       |    27 ||    27
       Conjure Flame     |       |     1 ||     1
  Use: Potion            |       |     2 ||     2
 Stab: Sleeping          |     1 |       ||     1
  Eat: Chunk             |     4 |    10 ||    14
Armor: Skin              |       |     4 ||     4
Dodge: Dodged            |    31 |    59 ||    90
Block: Shield            |       |     1 ||     1
